 Dungeon Crawl Stone Soup version 0.30-a0-743-gbfdf073431 (webtiles) character file.

Game seed: 747794057116823823

95 Lavandula the Slasher (level 4, -1/35 HPs)
             Began as a Human Monk on Feb 7, 2023.
             Killed from afar by Ijyb (14 damage)
             ... with a bolt of dispelling energy
             ... on level 3 of the Dungeon.
             The game lasted 00:03:49 (2278 turns).

Lavandula the Slasher (Human Monk)                  Turns: 2278, Time: 00:03:49

Health: -1/35      AC:  9    Str: 13    XL:     4   Next: 97%
Magic:  4/4        EV:  6    Int: 10    God:
Gold:   131        SH:  0    Dex: 16    Spells: 3/3 levels left

rFire   . . .      SeeInvis .    a - +0 falchion
rCold   . . .      Faith    .    (no shield)
rNeg    . . .      Spirit   .    k - +0 chain mail
rPois   .          Reflect  .    o - +0 helmet
rElec   .          Harm     .    (no cloak)
rCorr   .          Rampage  .    (no gloves)
Will    .....                    (no boots) Stlth
                                 (no amulet)
HPRegen 0.25/turn                (no ring)
MPRegen 0.09/turn                (no ring)

@: no status effects
A: no striking features
a: no special abilities


You were on level 3 of the Dungeon.
You visited 1 branch of the dungeon, and saw 3 of its levels.

You collected 131 gold pieces.

Inventory:

Hand Weapons
 a - a +0 falchion (weapon)
Missiles
 h - 3 boomerangs
 i - 2 poisoned darts (quivered)
Armour
 b - a +0 robe
 e - a +0 ring mail
 k - a +0 chain mail (worn)
 o - a +0 helmet (worn)
Scrolls
 f - 2 scrolls of noise {unknown}
 g - 2 scrolls of immolation {unknown}
 j - a scroll of magic mapping
 l - 2 scrolls of enchant weapon
 m - a scroll of amnesia
 n - 6 scrolls of enchant armour {unknown}
 q - a scroll of identify
Potions
 c - 2 potions of ambrosia
 p - a potion of attraction {unknown}


   Skills:
 - Level 3.0 Fighting
 + Level 5.2 Long Blades
 - Level 3.0 Dodging
 - Level 2.0 Stealth


You had 3 spell levels left.
You didn't know any spells.
Your spell library contained the following spells:

 Spells                   Type           Power      Damage    Failure   Level
 Blade Hands              Tmut           0%         N/A       100%        5
 Irradiate                Conj/Tmut      0%         3d11      100%        5
 Dragon Form              Tmut           0%         N/A       100%        7


Dungeon Overview and Level Annotations

Branches:
Dungeon (3/15)

Altars:
Ru
The Shining One

Annotations:
D:3 Ijyb


Message History

Ijyb zaps a wand.
The bolt of dispelling energy hits you!
You feel better. Ijyb completely misses you.
You hit Ijyb but do no damage.
Ijyb is moderately wounded.
Ijyb zaps a wand.
The bolt of dispelling energy hits you!
You slash Ijyb!
Ijyb is heavily wounded.
Ijyb hits you but does no damage.
You hit Ijyb.
Ijyb is severely wounded.
Ijyb hits you with a +0 dagger.
You hit Ijyb but do no damage.
Ijyb is severely wounded.
Ijyb hits you but does no damage.
You hit Ijyb but do no damage.
Ijyb is severely wounded.
Ijyb hits you but does no damage.
You completely miss Ijyb.
Ijyb is severely wounded.
Ijyb hits you but does no damage.
You closely miss Ijyb.
Ijyb is severely wounded.
Ijyb hits you but does no damage.
You hit Ijyb.
Ijyb is severely wounded.
Ijyb barely misses you.
You hit Ijyb but do no damage.
Ijyb is severely wounded.
Ijyb hits you but does no damage.
You barely miss Ijyb.
Ijyb is severely wounded.
Ijyb zaps a wand.
The bolt of dispelling energy misses you.
You closely miss Ijyb.
Ijyb is severely wounded.
Ijyb hits you but does no damage.
You hit Ijyb but do no damage.
Ijyb is severely wounded.
Ijyb zaps a wand.
The bolt of dispelling energy hits you!
You die...

#..............
#..............
##..............
.+..............
.+..............
.#..............
.#..............
########.#..............
#......@.##.............
#.######g.##............
#.# #..##........... #.#
#..##.......... #.#
..###.....?..# #.#
#######''#### ####.#####
..........# # #........#
###.#####.# #.##.###.#
##+# #.###


You could see Ijyb.

Vanquished Creatures
  Robin (D:3)
  3 adders
  3 dart slugs
  7 ball pythons
  4 bats
  4 endoplasms
  A giant cockroach (D:2)
  5 hobgoblins
  2 kobolds
  2 quokkas (D:3)
  5 frilled lizards
  8 goblins
  8 rats
53 creatures vanquished.

Notes
Turn   | Place    | Note
-------+----------+-------------------------------------------
     0 | D:1      | Lavandula the Human Monk began the quest for the Orb.
     0 | D:1      | Reached XP level 1. HP: 18/18 MP: 1/1
   149 | D:1      | Reached XP level 2. HP: 20/24 MP: 2/2
   375 | D:1      | Reached skill level 4 in Long Blades
   375 | D:1      | Reached XP level 3. HP: 29/29 MP: 3/3
   954 | D:2      | Found a glowing golden altar of the Shining One.
  1486 | D:3      | Reached XP level 4. HP: 28/35 MP: 4/4
  1624 | D:3      | Noticed Robin
  1658 | D:3      | Killed Robin
  1659 | D:3      | Reached skill level 5 in Long Blades
  1990 | D:3      | Found a sacrificial altar of Ru.
  2262 | D:3      | Noticed Ijyb
  2278 | D:3      | Killed from afar by Ijyb

Illustrated notes

Levels and vault maps discovered:
D:1:      nicolae_arrival_washed_ashore, layout_basic, minmay_shallow_snake_nest
D:2:      layout_loops_cross, basic_altar
D:3:      kennysheep_big_flooded_room, layout_loops_corners,
          nicolae_overflow_crystal_walls, uniq_ijyb, uniq_robin

Skill      XL: |  1  2  3  4 |
---------------+-------------+-----
Long Blades    | 4 5 |  5.2
Fighting       | |  3.0
Dodging        | |  3.0
Stealth        | |  2.0

Action                     |  1- 3 |  4- 6 || total
---------------------------+-------+-------++-------
  Melee: Falchion          |   113 |    73 ||   186
         Punch             |     3 |       ||     3
  Throw: Dart              |     2 |       ||     2
    Use: Scroll            |     3 |     1 ||     4
         Potion            |     2 |     2 ||     4
   Stab: Sleeping          |     5 |       ||     5
 Armour: Robe              |     8 |       ||     8
         Chain mail        |    10 |    44 ||    54
  Dodge: Dodged            |    75 |    24 ||    99

Table legend: (Time is in decaauts)
 A = Elapsed time spent in this place.
 B = Non-inter-level travel time spent in this place.
 C = Inter-level travel time spent in this place.
 D = Time resting spent in this place.
 E = Time spent auto-exploring this place.
 F = Levels seen in this place.
 G = Mean time per level.
                   A        B        C        D        E       F      G
               +--------+--------+--------+--------+--------+-----+--------+
         Total |   2274 |   2206 |     68 |     70 |   1591 |   3 |  758.0 |
       Dungeon |   2274 |   2206 |     68 |     70 |   1591 |   3 |  758.0 |
               +--------+--------+--------+--------+--------+-----+--------+

Top non-repeatable levels by time:
     D:3: 877 daAuts
     D:2: 709 daAuts
     D:1: 687 daAuts
